AoeStats
← EvilPimp

Marketplace

504463894Analyzed
1v1 RM · 28d ago on Sep 5, 2026· 28m 24s· 2 players
Game mode
Random Map
Map size
Tiny (2 player)
Population
200
Speed
Normal
Resources
Standard
Victory
Conquest
Starting age
Dark Age
Ending age
Imperial Age
RankedLock teamsTeams togetherTeam positionsShared explorationLock speedFull tech treeHidden civsTurbo modeCheats
Victory
Defeat
🇦🇺 Wu · Australia
973
+15
🇳🇱 Persians · Netherlands
948
-15
EvilPimp
7:29 Loom
11:36 Feudal Age
12:14 Double-Bit Axe
13:10 Horse Collar
20:36 Castle Age
20:30 Bloodlines
20:24 Scale Mail Armor
21:07 Husbandry
24:46 Forging
28:22 Chain Mail Armor
29:30 Wheelbarrow
RDalton77
7:20 Loom
9:42 Feudal Age
11:19 Double-Bit Axe
10:57 Man-at-Arms
14:30 Horse Collar
14:51 Stone Mining
14:52 Gold Mining
20:39 Castle Age
19:45 Fletching
20:08 Forging
21:35 Bodkin Arrow
23:08 Bow Saw
23:36 Pikeman
28:28 Padded Archer Armor
28:55 Red Cliffs Tactics
Connection lost

Rejoining the realm…

Still unreachable

The connection could not be restored.

Session expired

The server has moved on; the page needs a fresh start.